 Dungeon Crawl Stone Soup version 0.30.0 (webtiles) character file.

Game seed: 7384126982242881416

3780 Myzery the Cleaver (level 9, -9/82 HPs)
             Began as a Minotaur Berserker on Sept 19, 2023.
             Was a Priest of Trog.
             Killed from afar by an oklob plant (30 damage)
             ... with a splash of acid
             ... on level 8 of the Dungeon.
             The game lasted 01:12:14 (6521 turns).

Myzery the Cleaver (Minotaur Berserker)             Turns: 6521, Time: 01:12:15

Health: -9/82      AC:  7    Str: 26    XL:     9   Next: 95%
Magic:  8/8        EV:  8    Int:  4    God:    Trog [***...]
Gold:   89         SH:  9    Dex: 16    Spells: 8/8 levels left

rFire   . . .        D - +4 broad axe (vamp)
rCold   . . .        z - +0 kite shield
rNeg    . . .        I - +0 plate armour
rPois   .            (helmet restricted)
rElec   .            q - +0 cloak
rCorr   .            r - +2 pair of gloves {Stlth+}
SInv    .            F - +0 pair of boots
Will    ++...        (no amulet) Stlth
                     j - +6 ring of dexterity
HPRegen 1.33/turn    (no ring)
MPRegen 0.11/turn

%: no passive effects
@: strong-willed (expiring), corroded, on berserk cooldown, regenerating
(expiring), slowed, very slow
A: horns 2, retaliatory headbutt
a: Renounce Religion, Berserk, Trog's Hand


You were on level 8 of the Dungeon.
You worshipped Trog.
Trog was most pleased with you.
You visited 2 branches of the dungeon, and saw 9 of its levels.

You collected 329 gold pieces.
You spent 240 gold pieces at shops.

Inventory:

Hand Weapons
 a - a +0 hand axe
 i - a +0 great sword
 k - a +0 flail
 o - a +0 long sword
 s - a +0 war axe
 A - a +1 scythe of pain
 B - the +8 flail "Guexeib" {flame, Str+2}
   (You found it on level 4 of the Dungeon)

   Str:       It affects your strength (+2).
 D - a +4 vampiric broad axe (weapon)
 E - a +5 hand axe
 H - a +2 mace of protection
Armour
 b - a +0 animal skin
 n - a +0 chain mail
 q - a +0 cloak (worn)
 r - a +2 pair of gloves of stealth (worn)
 z - a +0 kite shield (worn)
 F - a +0 pair of boots (worn)
 G - the +2 robe of Kindness {Harm Rampage rN+ Int-4}
   (You found it on level 7 of the Dungeon)

   Int:       It affects your intelligence (-4).
   rN:        It protects you from negative energy.
   Harm:      It increases damage dealt and taken.
   Rampage:   It bestows one free step when moving towards enemies.
 I - a +0 plate armour (worn)
Jewellery
 j - a +6 ring of dexterity (left hand)
Wands
 K - a wand of flame (27)
Scrolls
 e - 4 scrolls of noise {unknown}
 g - 9 scrolls of identify {unknown}
 l - a scroll of torment {unknown}
 t - 2 scrolls of blinking {unknown}
 u - 2 scrolls of enchant weapon {unknown}
 w - 2 scrolls of fear {unknown}
 x - a scroll of poison {unknown}
 y - 3 scrolls of teleportation {unknown}
 C - 2 scrolls of vulnerability {unknown}
Potions
 c - 2 potions of might {unknown}
 d - 2 potions of brilliance {unknown}
 f - a potion of mutation {unknown}
 h - 2 potions of magic {unknown}
 m - 3 potions of curing {unknown}
 p - a potion of attraction {unknown}
 v - 3 potions of berserk rage {unknown}
 J - a potion of lignification {unknown}


   Skills:
 + Level 8.3 Fighting
 + Level 4.5 Long Blades
 + Level 10.9(11.2) Axes
 + Level 4.4(8.3) Maces & Flails
 + Level 7.1 Armour
 + Level 4.3 Dodging
 + Level 1.9 Stealth
 + Level 3.6 Shields


You had 8 spell levels left.
You didn't know any spells.
Your spell library was empty.

Dungeon Overview and Level Annotations

Branches:
Dungeon (8/15)             Temple (1/1) D:7
   Lair: D:8-11

Altars:
Ashenzari
Cheibriados
Dithmenos
Elyvilon
Fedhas
Hepliaklqana
Kikubaaqudgha
Makhleb
Nemelex Xobeh
Okawaru
Qazlal
Ru
Sif Muna
Trog
Uskayaw
Vehumet
Wu Jian
Xom
Zin
The Shining One

Shops:
D:4 (   D:6 [

Annotations:
D:8 exclusion: 4 oklob plants


Innate Abilities, Weirdness & Mutations

You have a pair of horns on your head.
You reflexively headbutt those who attack you in melee.


Message History

You hit the bush. You headbutt the bush.
The bush is severely damaged.
You slash the floating eye!
You kill the floating eye!
Trog accepts your kill. The oklob plant spits acid at you.
The splash of acid hits you!! The acid corrodes you!
You hit the bush.
The bush is severely damaged.
You slash the bush! You headbutt the bush!!
The bush is almost destroyed.
You slash the bush!
You destroy the bush!
An oklob plant comes into view.
You are no longer berserk.
You are exhausted.
You feel yourself slow down.
Marking area around an oklob plant as unsafe for travelling.
The oklob plant spits acid at you. The splash of acid hits you!!
The acid corrodes you! The oklob plant spits acid at you.
You block the splash of acid. The oklob plant spits acid at you.
The splash of acid misses you.
You see here a +0 kite shield.
Your skin crawls.
You feel strong-willed. The oklob plant spits acid at you.
The splash of acid hits you! The acid corrodes you!
You slash the plant!
The plant begins to die.
The plant is lightly damaged.
You hit the plant.
The plant begins to die.
You hit the bush but do no damage. You hit the plant.
The plant begins to die.
You feel the effects of Trog's Hand fading.
The oklob plant spits acid at you. The splash of acid hits you!
* * * LOW HITPOINT WARNING * * *
The oklob plant spits acid at you. The splash of acid hits you!!
You die...

#...#...........#
#.#.............#
#.....(..?......#
#...............#
#................ #
#......PPP.......# #.
#.....PPPPP...$..#
#..##.....PP.>PP.....#
#........@[./..PP.
#..##.....PP.P[P.. #.
#......PPPPP.. #.
#......P...... #
##............
#.....?......
.............
####.........# ..#.##.


You could see 4 oklob plants.

Vanquished Creatures
  A two-headed ogre (D:6)
  Sigmund (D:4)
  A wyvern (D:7)
  A steam dragon (D:7)
  A floating eye (D:8)
  A black bear (D:6)
  An orc warrior (D:7)
  A sky beast (D:6)
  3 ogres
  A centaur (D:7)
  3 phantoms
  2 bullfrogs
  2 scorpions
  8 wights (D:6)
  3 killer bees (D:7)
  3 howler monkeys (D:7)
  4 jellies
  5 orc priests
  5 hounds
  An iguana (D:6)
  5 orc wizards
  A sleepcap (D:6)
  Natasha (thrice) (D:2)
  Robin (D:3)
  7 gnolls
  7 adders
  2 shadow imps (D:7)
  29 orcs
  8 bats
  7 endoplasms
  7 giant cockroaches
  6 goblins
  6 hobgoblins
  6 kobolds
  2 quokkas
  6 ball pythons
  2 frilled lizards
  3 rats
  A bush (D:8)
157 creatures vanquished.

Vanquished Creatures (others)
  2 plants (D:8)
2 creatures vanquished.

Grand Total: 159 creatures vanquished

Notes
Turn   | Place    | Note
-------+----------+-------------------------------------------
     0 | D:1      | Myzery the Minotaur Berserker began the quest for the Orb.
     0 | D:1      | Reached XP level 1. HP: 19/19 MP: 0/0
   255 | D:1      | Reached XP level 2. HP: 27/27 MP: 1/1
   607 | D:1      | Reached skill level 4 in Axes
   877 | D:2      | Noticed Natasha
   886 | D:2      | HP: 1/27 [Natasha (6)]
   889 | D:2      | Killed Natasha
   890 | D:2      | Reached XP level 3. HP: 3/34 MP: 2/2
  1115 | D:2      | Reached ** piety under Trog
  1119 | D:2      | Reached XP level 4. HP: 27/41 MP: 3/3
  1202 | D:2      | Noticed Natasha
  1209 | D:2      | Killed Natasha
  1210 | D:2      | Reached skill level 1 in Long Blades
  1343 | D:2      | Noticed Natasha
  1351 | D:2      | Killed Natasha
  1567 | D:2      | Reached XP level 5. HP: 45/47 MP: 4/4
  2131 | D:3      | Reached skill level 5 in Fighting
  2284 | D:3      | Reached XP level 6. HP: 53/56 MP: 5/5
  2377 | D:3      | Noticed Robin
  2386 | D:3      | Killed Robin
  2386 | D:3      | Reached *** piety under Trog
  2580 | D:3      | Reached skill level 5 in Axes
  2861 | D:4      | Noticed Sigmund
  2889 | D:4      | Killed Sigmund
  2890 | D:4      | Reached XP level 7. HP: 33/61 MP: 6/6
  3040 | D:4      | Identified the +8 flail "Guexeib" {flame, Str+2}
  3243 | D:4      | Found an ornate altar of the Wu Jian Council.
  3246 | D:4      | Found a sparkling altar of Nemelex Xobeh.
  3247 | D:4      | Found a snail-covered altar of Cheibriados.
  3253 | D:4      | Found a glowing golden altar of the Shining One.
  3255 | D:4      | Found a white marble altar of Elyvilon.
  3259 | D:4      | Found a radiant altar of Vehumet.
  3260 | D:4      | Found a shimmering blue altar of Sif Muna.
  3263 | D:4      | Found a hide-covered altar of Uskayaw.
  3266 | D:4      | Found a glowing silver altar of Zin.
  3267 | D:4      | Found a hazy altar of Hepliaklqana.
  3329 | D:4      | Found Rewuw's Antique Weapon Shoppe.
  3332 | D:4      | Bought a runed broad axe for 182 gold pieces
  3413 | D:5      | Entered Level 5 of the Dungeon
  3419 | D:5      | Reached skill level 6 in Axes
  3655 | D:5      | Reached skill level 7 in Axes
  3655 | D:5      | Reached skill level 1 in Shields
  3748 | D:5      | Found a burning altar of Makhleb.
  3762 | D:5      | Reached skill level 5 in Armour
  3762 | D:5      | Reached XP level 8. HP: 70/70 MP: 7/7
  3790 | D:5      | Found an iron altar of Okawaru.
  3790 | D:5      | Found a sacrificial altar of Ru.
  4013 | D:5      | Found an ancient bone altar of Kikubaaqudgha.
  4099 | D:6      | Noticed a two-headed ogre
  4104 | D:6      | Reached skill level 8 in Axes
  4104 | D:6      | Reached skill level 1 in Maces & Flails
  4110 | D:6      | Killed a two-headed ogre
  4111 | D:6      | Reached skill level 9 in Axes
  4111 | D:6      | Reached skill level 1 in Stealth
  4196 | D:6      | Reached XP level 9. HP: 79/79 MP: 8/8
  4444 | D:6      | Found Zeesybun's Armour Shoppe.
  4450 | D:6      | Bought a +0 pair of boots for 58 gold pieces
  4514 | D:6      | Reached skill level 10 in Axes
  5106 | D:5      | Found a broken altar of Ashenzari.
  5172 | D:7      | Identified the +2 robe of Kindness {Harm Rampage rN+ Int-4}
  5244 | D:7      | Lost intelligence.
  5355 | D:7      | Found a staircase to the Ecumenical Temple.
  5547 | Temple   | Entered the Ecumenical Temple
  6428 | D:8      | Noticed an oklob plant
  6478 | D:8      | Noticed an oklob plant
  6487 | D:8      | Paralysed by a floating eye for 3 turns
  6492 | D:8      | Paralysed by a floating eye for 4 turns
  6500 | D:8      | Paralysed by a floating eye for 4 turns
  6505 | D:8      | Noticed an oklob plant
  6507 | D:8      | Paralysed by a floating eye for 3 turns
  6517 | D:8      | Noticed an oklob plant
  6521 | D:8      | Killed from afar by an oklob plant

Illustrated notes

Levels and vault maps discovered:
D:1:      lemuel_arrival_broad_hall, layout_loops_cross,
          minmay_misc_feat_enclosed, st_stairs_14
D:2:      layout_loops_ring, hangedman_decor_points, uniq_natasha
D:3:      layout_loops_ring, mrwooster_statue_mirror, uniq_robin
D:4:      minmay_evil_eye, layout_cave_pools,
          nicolae_overflow_hallway_of_the_gods, serial_shops,
          kennysheep_mini_moat, uniq_sigmund
D:5:      layout_loops_ring, nicolae_overflow_hidden_temple
D:6:      layout_cave_pods, serial_shops, shop_statue
D:7:      nicolae_cairo_tiling_large_dashed, layout_layer_cave,
          minmay_temple_entry_grid
D:8:      layout_loops_ring, kennysheep_mini, disabler_island
Temple:   nicolae_temple_bog_church

Skill      XL: |  1  2  3  4  5  6  7  8  9 |
---------------+----------------------------+-----
Fighting       | 4 5 6 7 8 |  8.3
Axes           | 4 5 7 9 10 | 10.9
Long Blades    | 1 3 4 |  4.5
Dodging        | 3 4 |  4.3
Armour         | 3 5 6 7 |  7.1
Shields        | 1 2 3 |  3.6
Maces & Flails | 1 4 |  4.4
Stealth        | 1 |  1.9

Action                     |  1- 3 |  4- 6 |  7- 9 || total
---------------------------+-------+-------+-------++-------
  Melee: Hand axe          |    17 |       |       ||    17
         Headbutt          |     8 |    13 |    22 ||    43
         Great sword       |    25 |    60 |       ||    85
         War axe           |       |    54 |     4 ||    58
         Broad axe         |       |       |    71 ||    71
         Flail             |       |       |    63 ||    63
 Invoke: Berserk           |       |     4 |     9 ||    13
         Trog's Hand       |       |     1 |     3 ||     4
 Armour: Animal skin       |     9 |     1 |       ||    10
         Chain mail        |       |    67 |    38 ||   105
         Robe              |       |       |    16 ||    16
  Dodge: Dodged            |    34 |    55 |    48 ||   137
  Block: Kite shield       |       |     3 |    46 ||    49
